Map: Blueshift LE

Players

Arnovic

  • Race: Protoss Protoss
  • Spawn Location: 1:00

NEEK - Winner!

  • Race: Protoss Protoss
  • Spawn Location: 7:00

Event: DSCL Nationals 2018 - Finals

VOD

Have the link to the VOD?

Description

Time

  • Played on: Dec. 1, 2018, 4:56 a.m.
  • Length: 6:34

All games in this series

Show
View Real Time Build Order
Export as new Build Order

Arnovic Protoss 

Build Orders:  

Get SALT Encoding   

  12  0:00  Probe  
  13  0:12  Probe  
  14  0:17  Pylon  
  14  0:24  Probe  
  15  0:33  Probe  
  15  0:36  Gateway  
  15  0:42  Probe  
  16  0:47  Assimilator  
  17  0:51  Probe  
  17  0:55  Assimilator  
  18  0:59  Probe  
  19  1:07  Probe  
  19  1:08  Gateway  
  19  1:18  Probe  
  20  1:25  Cybernetics Core  
  21  1:30  Probe  
  22  1:35  Pylon  
  22  1:42  Probe  
  23  1:51  Warp Gate  
  23  1:54  Probe  
  24  2:01  Stalker  
  24  2:02  Stalker  
  28  2:20  Robotics Facility  
  28  2:24  Pylon  
  28  2:31  Stalker  
  29  2:41  Stalker  
  31  2:49  Gateway  
  31  3:05  Warp Prism  
  31  3:08  Stalker  
  31  3:11  Stalker  
  37  3:40  Pylon  
  34  3:54  Stalker x2  
  38  3:59  Stalker  
  40  4:14  Immortal  
  28  4:20  Stalker x2  
  36  4:28  Sentry  
  38  4:43  Adept x2  
  42  4:51  Warp Prism, Sentry  
  44  4:59  Pylon  
  46  5:20  Stalker x2  
  46  5:21  Stalker  
  48  5:43  Stalker x2  
  48  5:45  Adept  
Show
View Real Time Build Order
Export as new Build Order

NEEK Protoss - Winner!

Build Orders:  

Get SALT Encoding   

  12  0:00  Probe  
  13  0:12  Probe  
  14  0:16  Pylon  
  14  0:23  Probe  
  15  0:31  Probe  
  15  0:39  Probe, Gateway  
  16  0:45  Assimilator  
  17  0:50  Probe  
  17  0:54  Assimilator  
  18  0:58  Probe  
  19  1:06  Probe  
  19  1:10  Gateway  
  20  1:17  Probe  
  21  1:25  Cybernetics Core  
  21  1:29  Probe  
  22  1:34  Pylon  
  22  1:41  Probe  
  22  1:42  Warp Gate  
  23  1:53  Probe  
  24  2:01  Stalker  
  24  2:02  Stalker  
  28  2:09  Probe  
  28  2:14  Pylon  
  29  2:31  Stalker x2  
  33  2:41  Pylon  
  33  2:50  Pylon  
  33  2:54  Probe  
  34  3:01  Stalker x2  
  38  3:08  Gateway  
  37  3:32  Nexus  
  37  3:35  Pylon  
  37  3:49  Probe  
  37  3:53  Robotics Facility  
  38  3:58  Stalker x2  
  38  4:01  Probe  
  41  4:20  Probe  
  41  4:21  Stalker x2  
  46  4:34  Immortal  
  46  4:37  Probe  
  51  4:45  Probe  
  51  4:47  Shield Battery  
  51  4:48  Sentry  
  51  4:49  Sentry  
  56  4:53  Probe  
  57  5:04  Immortal  
  57  5:08  Pylon  
  61  5:23  Probe  
  61  5:26  Probe  
  61  5:27  Pylon  
  63  5:28  Pylon  
  63  5:36  Warp Prism  
  63  5:38  Sentry x2, Gateway x2  
  69  6:02  Stalker x2  
  73  6:05  Shield Battery  
  73  6:07  Shield Battery  
Tags
 
Add a new tag
Caveats
  • Supply blocks, unpowered buildings, or Contaminate may cause inaccurate times.
  • Supply counts are checked every 10 seconds.